 Dungeon Crawl Stone Soup version 0.27-a0-1123-g2f9bb313c0 (webtiles) character file.

Game seed: 16879920691847876518

2646 Zeld the Shield-Bearer (level 9, -2/96 HPs)
             Began as an Octopode Fighter on May 3, 2021.
             Was an Initiate of Okawaru.
             Slain by Harold
             ... wielding a +0 flail
              (27 damage)
             ... on level 7 of the Dungeon on May 4, 2021.
             The game lasted 00:11:31 (8331 turns).

Zeld the Shield-Bearer (Octopode Fighter)           Turns: 8331, Time: 00:11:32

Health: -2/96      AC:  1    Str: 18    XL:     9   Next: 62%
Magic:  9/9        EV:  7    Int: 11    God:    Okawaru [......]
Gold:   124        SH:  0    Dex: 11    Spells: 8/8 levels left

rFire    + . .     SeeInvis .   s - +1 war axe (elec)
rCold    . . .     Faith    .   b - +0 kite shield
rNeg     . . .     Spirit   .   (helmet restricted)
rPois    .         Reflect  +   d - amulet of reflection
rElec    .         Harm     .   o - ring of protection from fire
rCorr    +         Rampage  .   F - ring of resist corrosion
Will     .....                  (no ring)
Stlth    ..........             (no ring)
HPRegen  0.26/turn              (no ring)
MPRegen  0.11/turn              (no ring)
                                (no ring)
                                (no ring)

@: berserking, marked, held, very quick
A: almost no armour, amphibious, 8 rings, camouflage 1, gelatinous body 1,
(nimble swimmer 1), tentacles
a: Renounce Religion


You were on level 7 of the Dungeon.
You worshipped Okawaru.
Okawaru was noncommittal.
You visited 2 branches of the dungeon, and saw 8 of its levels.
You also visited: Sewer.

You collected 254 gold pieces.
You spent 130 gold pieces at shops.

Inventory:

Hand Weapons
 s - a +1 war axe of electrocution (weapon)
Missiles
 a - 13 poisoned darts (quivered)
 c - 4 boomerangs
Armour
 b - a +0 kite shield (worn)
Jewellery
 d - an amulet of reflection (around mantle)
 o - a ring of protection from fire (left tentacle)
 F - a ring of resist corrosion (right tentacle)
 H - a ring of magical power
Wands
 w - a wand of polymorph (9)
 x - a wand of paralysis (5)
Scrolls
 f - 2 scrolls of magic mapping {unknown}
 h - a scroll of summoning {unknown}
 i - 2 scrolls of vulnerability {unknown}
 j - 2 scrolls of brand weapon {unknown}
 m - 3 scrolls of immolation {unknown}
 n - 4 scrolls of fog {unknown}
 p - 3 scrolls of identify {unknown}
 q - a scroll of silence {unknown}
 t - a scroll of holy word {unknown}
 u - 3 scrolls of teleportation {unknown}
 v - 2 scrolls of noise {unknown}
 y - a scroll of blinking {unknown}
 D - 2 scrolls of enchant armour {unknown}
 E - 2 scrolls of enchant weapon {unknown}
 G - a scroll of amnesia {unknown}
Potions
 e - a potion of lignification {unknown}
 g - 2 potions of berserk rage
 k - a potion of haste {unknown}
 l - a potion of resistance {unknown}
 r - 8 potions of curing
 z - 3 potions of flight {unknown}
 A - 2 potions of heal wounds {unknown}
 B - 5 potions of might
 C - a potion of brilliance {unknown}


   Skills:
 * Level 7.1 Fighting
 * Level 6.7 Axes
 - Level 6.0 Throwing
 - Level 3.0 Dodging
 * Level 7.2 Shields


You had 8 spell levels left.
You didn't know any spells.
Your spell library contained the following spells:

 Spells                   Type           Power      Damage    Failure   Level
 Magic Dart               Conj           0%         1d3       67%         1
 Sandblast                Erth           0%         2d4       67%         1
 Blink                    Tloc           N/A        N/A       82%         2
 Call Imp                 Summ           0%         N/A       82%         2
 Passwall                 Tmut/Erth      0%         N/A       82%         2
 Slow                     Hex            0%         N/A       82%         2
 Conjure Flame            Conj/Fire      0%         6-21      96%         3
 Mephitic Cloud           Conj/Pois/Air  0%         N/A       96%         3
 Stone Arrow              Conj/Erth      0%         3d7       96%         3
 Petrify                  Tmut/Erth      0%         N/A       100%        4
 Lee's Rapid Deconstruct  Erth           0%         3d5*      100%        5


Dungeon Overview and Level Annotations

Branches:
Dungeon (7/15)             Temple (1/1) D:6           Sewer (visited)

Altars:
Ashenzari
Cheibriados
Dithmenos
Elyvilon
Fedhas
Gozag
Hepliaklqana
Kikubaaqudgha
Makhleb
Nemelex Xobeh
Okawaru
Qazlal
Ru
Sif Muna
Trog
Uskayaw
Vehumet
Wu Jian
Xom
Yredelemnul
Zin
The Shining One

Shops:
D:4 !

Annotations:
D:7 Harold


Innate Abilities, Weirdness & Mutations

You cannot wear most types of armour.
You are amphibious.
You can wear up to eight rings at the same time.
Your skin changes colour to match your surroundings (Stealth+).
Your rubbery body absorbs attacks. (AC +1, EV +1)
((You are camouflaged near water. (Stealth+)))
You have tentacles for arms and can constrict up to eight enemies at once.


Message History

Unknown command.
Throw: 4 boomerangs
Press: ? - help, Shift-Dir - straight line, f/p - Harold
Aim: Harold, wielding a +0 flail, wearing a +0 scale mail and quivering 3 throwing nets (heavily wounded, very poisoned, 73% to hit)
You throw a boomerang. The boomerang barely misses Harold.
Unknown command.
Okay, then.
Unknown command.
Throw: 4 boomerangs
Press: ? - help, Shift-Dir - straight line, f/p - Harold
Aim: Harold, wielding a +0 flail, wearing a +0 scale mail and quivering 3 throwing nets (heavily wounded, very poisoned, 73% to hit)
You throw a boomerang. The boomerang barely misses Harold.
Harold gestures at you while chanting. A sentinel's mark forms upon you.
Throw: 4 boomerangs
Press: ? - help, Shift-Dir - straight line, f/p - Harold
Aim: Harold, wielding a +0 flail, wearing a +0 scale mail and quivering 3 throwing nets (moderately wounded, very poisoned, 73% to hit)
You throw a boomerang. The boomerang barely misses Harold.
Harold throws a throwing net.
The throwing net hits you.
You become entangled in the net!
You cannot throw anything while held in a net.
Unknown command.
You tear a large gash into the net.
You struggle against the net.
Harold hits you with a +0 flail!
You are held in a net!
You are held in a net!
You are held in a net!
You struggle against the net.
Harold hits you with a +0 flail!!
You rip the net and break free!
Harold hits you with a +0 flail!
* * * LOW HITPOINT WARNING * * *
Unknown command.
Harold throws a throwing net.
The throwing net hits you.
You become entangled in the net!
You see here a throwing net.
A red film seems to cover your vision as you go berserk!
You feel yourself moving faster!
You feel mighty!
You struggle against the net.
You feel a strong urge to attack something.
Harold hits you with a +0 flail!!
You die...

# ##### .. .... ##.
..# ... #.#######
.. #.......#
#.###.#.# #.######
#..<....# #....(.##
#######.###@###...#
#...@.....#
#########...# ##


You could see Harold (very poisoned).

Vanquished Creatures
  2 water moccasins
  A black bear (D:4)
  3 sky beasts
  2 necrophages
  A centaur (D:5)
  2 phantoms (D:5)
  3 kobold brigands (Sewer)
  2 scorpions
  3 water moccasin zombies (D:5)
  2 water moccasin skeletons
  3 bullfrog zombies
  2 centaur zombies (D:5)
  A bullfrog skeleton (D:5)
  3 orc priests (D:5)
  A centaur skeleton (D:5)
  A hound (D:5)
  A jelly (D:5)
  Crazy Yiuf (D:3)
  Jessica (D:3)
  2 iguanas (D:4)
  3 scorpion zombies (D:5)
  2 hound zombies (D:5)
  A hound skeleton (D:4)
  3 howler monkey zombies
  7 gnolls
  11 river rats
  13 adders
  4 worms
  4 dart slugs
  12 orcs
  12 ball pythons
  5 endoplasms
  3 giant cockroaches
  9 goblins
  10 hobgoblins
  8 jackals
  21 kobolds
  3 quokkas
  7 bats
  3 frilled lizards
  27 rats
205 creatures vanquished.

Vanquished Creatures (others)
  2 withered plants (D:5)
2 creatures vanquished.

Grand Total: 207 creatures vanquished

Notes
Turn   | Place    | Note
-------+----------+-------------------------------------------
     0 | D:1      | Zeld the Octopode Fighter began the quest for the Orb.
     0 | D:1      | Reached XP level 1. HP: 16/16 MP: 1/1
   227 | D:1      | Reached XP level 2. HP: 12/21 MP: 2/2
   679 | D:1      | Found a faded altar of an unknown god.
   688 | D:1      | Reached XP level 3. HP: 26/26 MP: 3/3
  1622 | D:2      | Reached XP level 4. HP: 32/32 MP: 4/4
  1711 | D:3      | Found a radiant altar of Vehumet.
  1717 | D:3      | Noticed Jessica
  1728 | D:3      | Killed Jessica
  1931 | D:2      | Reached XP level 5. HP: 35/37 MP: 5/5
  2069 | D:3      | Found a runed translucent door.
  2070 | D:3      | Noticed Crazy Yiuf
  2145 | D:3      | Noticed a water moccasin
  2155 | D:3      | Killed a water moccasin
  2156 | D:3      | Reached XP level 6. HP: 35/44 MP: 6/6
  2765 | D:3      | Killed Crazy Yiuf
  2766 | D:3      | Reached skill level 1 in Throwing
  2790 | D:4      | Noticed a sky beast
  3046 | D:4      | Noticed a black bear
  3050 | D:4      | Killed a black bear
  3223 | D:4      | Reached XP level 7. HP: 42/49 MP: 7/7
  3796 | D:4      | Reached skill level 5 in Throwing
  4185 | D:4      | Found Hinwupn's Distillery.
  4221 | D:4      | Bought a potion of berserk rage for 50 gold pieces
  4221 | D:4      | Bought a potion of berserk rage for 50 gold pieces
  4221 | D:4      | Bought a potion of curing for 30 gold pieces
  4427 | D:5      | Entered Level 5 of the Dungeon
  4454 | D:5      | Reached XP level 8. HP: 44/54 MP: 8/8
  4563 | D:5      | Reached skill level 5 in Shields
  4580 | D:5      | Reached skill level 5 in Fighting
  4783 | D:5      | Found a glowing drain.
  4796 | Sewer    | Entered a sewer
  5109 | Sewer    | Reached skill level 5 in Axes
  6293 | D:5      | Reached XP level 9. HP: 59/62 MP: 9/9
  7814 | D:6      | Found a staircase to the Ecumenical Temple.
  7838 | Temple   | Entered the Ecumenical Temple
  7956 | Temple   | Became a worshipper of Warmaster Okawaru
  8316 | D:7      | Noticed Harold
  8331 | D:7      | Slain by Harold

Illustrated notes

Levels and vault maps discovered:
D:1:      dpeg_arrival_round_c, layout_basic,
          hellmonk_ecumenical_altar_arch_garden
D:2:      layout_rooms, kennysheep_path_1
D:3:      kb_forest_paths, layout_rooms, amcnicky_altar_gilded, chequers_garden,
          chequers_serial_rivers_room_b, due_unseen_surprise,
          uniq_crazy_yiuf_cottage, uniq_jessica
D:4:      layout_cave_pods, serial_shops, shop, kennysheep_generic_room_11
D:5:      layout_basic, lightli_sewer_entry_pipes, serial_undead,
          serial_undead_e, serial_undead_a, serial_undead_d, serial_undead_f,
          serial_undead_a, serial_undead_a
D:6:      layout_basic, minmay_temple_entry_enclosed_plants
D:7:      layout_loops_ring, uniq_maggie, uniq_harold
Temple:   roderic_octagonal_lattice_temple

Skill      XL: |  1  2  3  4  5  6  7  8  9 |
---------------+----------------------------+-----
Axes           | 3 4 5 6 |  6.7
Shields        | 4 6 7 |  7.2
Fighting       | 4 6 7 |  7.1
Throwing       | 3 6 |  6.0
Dodging        | |  3.0

Action                   |  1- 3 |  4- 6 |  7- 9 || total
-------------------------+-------+-------+-------++-------
Melee: War axe           |    75 |    84 |   236 ||   395
       Constrict         |    21 |    25 |    53 ||    99
       Tentacles         |     9 |    19 |    35 ||    63
Throw: Boomerang         |       |       |     6 ||     6
       Dart              |       |       |     2 ||     2
  Use: Potion            |       |     1 |     2 ||     3
 Stab: Sleeping          |     5 |     6 |     6 ||    17
Armor: Skin              |     2 |     1 |     8 ||    11
Dodge: Dodged            |    24 |    38 |    74 ||   136
Block: Kite shield       |    46 |    50 |   185 ||   281
       Reflection        |     3 |       |     7 ||    10

Table legend: (Time is in decaauts)
 A = Elapsed time spent in this place.
 B = Non-inter-level travel time spent in this place.
 C = Inter-level travel time spent in this place.
 D = Time resting spent in this place.
 E = Time spent auto-exploring this place.
 F = Levels seen in this place.
 G = Mean time per level.
                   A        B        C        D        E       F      G
               +--------+--------+--------+--------+--------+-----+--------+
         Total |   8529 |   8281 |    248 |    741 |   6104 |   9 |  947.7 |
       Dungeon |   7062 |   6859 |    203 |    741 |   4905 |   7 | 1008.9 |
        Temple |    342 |    297 |     45 |      0 |    292 |   1 |  342.0 |
         Sewer |   1124 |   1124 |      0 |      0 |    907 |   1 | 1124.0 |
               +--------+--------+--------+--------+--------+-----+--------+

Top non-repeatable levels by time:
     D:5: 1787 daAuts
     D:3: 1496 daAuts
     D:4: 1297 daAuts
     D:1: 1143 daAuts
   Sewer: 1124 daAuts
     D:2: 723 daAuts
     D:6: 585 daAuts
  Temple: 342 daAuts
     D:7: 28 daAuts
